 Dungeon Crawl Stone Soup version 0.20-a0-517-g5f97612 (webtiles) character file.

220 Kidiri the Magician (level 5, -1/28 HPs)
             Began as a Deep Elf Fire Elementalist on Jan 24, 2017.
             Slain by an orc
             ... wielding a +0 hand axe
              (6 damage)
             ... on level 3 of the Dungeon.
             The game lasted 00:08:33 (2664 turns).

Kidiri the Magician (Deep Elf Fire Elementalist)    Turns: 2664, Time: 00:08:34

Health: -1/28      AC:  3    Str:  5    XL:     5   Next: 64%
Magic:  10/15      EV: 13    Int: 21    God:
Gold:   129        SH:  0    Dex: 15    Spells: 3/16 levels left

rFire    . . .     SeeInvis .   n - +1 dagger (freeze)
rCold    . . .     Gourm    +   a - +0 robe
rNeg     . . .     Faith    .   (no shield)
rPois    .         Spirit   .   r - +0 helmet
rElec    .         Reflect  .   (no cloak)
rCorr    .         Harm     .   (no gloves)
MR       .....                  (no boots)
Stlth    ++........             e - amulet of the gourmand
Regen    0.1/turn               (no ring)
                                (no ring)

@: lethally poisoned (-1 -> -3)
A: no striking features
a: no special abilities


You were on level 3 of the Dungeon.
You were not hungry.

You visited 1 branch of the dungeon, and saw 3 of its levels.

You collected 129 gold pieces.

Inventory:

Hand Weapons
 n - a +1 dagger of freezing (weapon)
Armour
 a - a +0 robe (worn)
 r - a +0 helmet (worn)
Jewellery
 e - an amulet of the gourmand (around neck)
Scrolls
 f - 2 scrolls of amnesia
 h - a scroll of teleportation
Potions
 g - a potion of lignification
 j - 2 potions of flight {unknown}
 k - a potion of resistance
 q - a potion of degeneration {unknown}
Books
 b - a book of Flames

   Spells                             Type                      Level
   a - Flame Tongue                   Conjuration/Fire             1
   b - Throw Flame                    Conjuration/Fire             2
   c - Conjure Flame                  Conjuration/Fire             3
   d - Inner Flame                    Hexes/Fire                   3
   e - Sticky Flame                   Conjuration/Fire             4
   f - Fireball                       Conjuration/Fire             5
Comestibles
 c - 4 bread rations


   Skills:
 - Level 2.4 Dodging
 - Level 2.4 Stealth
 * Level 6.0 Spellcasting
 + Level 3.2 Conjurations
 + Level 4.4 Fire Magic


You had 3 spell levels left.
You knew the following spells:

 Your Spells              Type           Power        Failure   Level  Hunger
a - Flame Tongue          Conj/Fire      ###..        1%          1    None
b - Throw Flame           Conj/Fire      ###...       3%          2    None
c - Conjure Flame         Conj/Fire      ###.....     10%         3    ##.....
d - Inner Flame           Hex/Fire       ###.....     14%         3    ##.....
e - Sticky Flame          Conj/Fire      ###.....     24%         4    ####...


Dungeon Overview and Level Annotations

Branches:
Dungeon (3/15)

Altars:
Kikubaaqudgha
Yredelemnul
Zin
The Shining One


Message History

Aim: an adder The sticky flame hits the adder.
The adder is almost dead.
The adder is covered in liquid flames!
The adder burns!
You kill the adder!
Your Spellcasting skill increases to level 6!
The bat hits you but does no damage. The bat barely misses you.
The orc closely misses you. The orc misses you. The bat closely misses you.
The orc misses you.
You feel sick. The bat hits you. The orc hits you with a hand axe.
* * * LOW HITPOINT WARNING * * *
Casting: Sticky Flame
Confirm with . or Enter, or press ? or * to list all spells.
Aiming: Flame Tongue
Press: ? - help, Shift-Dir - straight line, f - orc
Aim: an orc, wielding a hand axe and wearing a dyed leather armour The flame tongue hits the orc.
The orc is almost dead.
The orc hits you with a hand axe.
You die...

#.........######.................
#.........#####.........####.....
#.........##.....###.##..###.....
##.####.......#..###.###..#......
......##..............#.#......
###### #..............#^..#....
#..........##....####...
#####...#######..........
..###.#.@.# ###.......##
...#.###o####...#.......
#.........(........###. .....#
#....b..###...)###.....
.......###......<.......(.......
........##........######...)....
........#.(.....................
..................######........
........##........# #........


You could see an orc.

Vanquished Creatures
  Ijyb (D:3)
  Natasha (twice) (D:3)
  Robin (D:2)
  4 adders
  A worm (D:2)
  3 dart slugs
  2 leopard geckos
  4 orcs
  6 giant cockroaches
  11 hobgoblins
  4 jackals (D:2)
  6 kobolds
  A ball python (D:1)
  6 bats
  3 frilled lizards
  18 goblins
  8 rats
81 creatures vanquished.

Notes
Turn   | Place    | Note
-------+----------+-------------------------------------------
     0 | D:1      | Kidiri the Deep Elf Fire Elementalist began the quest for the Orb.
     0 | D:1      | Reached XP level 1. HP: 10/10 MP: 6/6
   170 | D:1      | Reached XP level 2. HP: 15/15 MP: 6/8
   174 | D:1      | Learned a level 2 spell: Throw Flame
   356 | D:1      | Reached skill level 4 in Spellcasting
   644 | D:1      | Reached XP level 3. HP: 19/19 MP: 10/10
   767 | D:1      | Learned a level 3 spell: Conjure Flame
   771 | D:1      | Learned a level 3 spell: Inner Flame
   790 | D:2      | Found a glowing golden altar of the Shining One.
   804 | D:2      | Found a basalt altar of Yredelemnul.
   809 | D:2      | Noticed a profane servitor
   887 | D:2      | Found a glowing silver altar of Zin.
  1310 | D:2      | Reached XP level 4. HP: 18/24 MP: 5/12
  1627 | D:2      | Noticed Robin
  1636 | D:2      | Killed Robin
  1672 | D:2      | Reached skill level 5 in Spellcasting
  1768 | D:2      | Learned a level 4 spell: Sticky Flame
  1916 | D:2      | Noticed an angel
  2339 | D:3      | Noticed Natasha
  2347 | D:3      | Killed Natasha
  2347 | D:3      | Reached XP level 5. HP: 23/28 MP: 5/14
  2466 | D:3      | Found an ancient bone altar of Kikubaaqudgha.
  2472 | D:3      | Noticed Ijyb
  2489 | D:3      | Killed Ijyb
  2527 | D:3      | Noticed Natasha
  2532 | D:3      | HP: 1/28 [Natasha (9)]
  2534 | D:3      | Killed Natasha
  2660 | D:3      | Reached skill level 6 in Spellcasting
  2664 | D:3      | Slain by an orc

Vault maps used:
D:1:      minmay_arrival_solitary_statue, grunt_decor_resistance
D:2:      grunt_temple_overflow_holy_war, zin_treasury, uniq_robin
D:3:      kiku_gazebo_garden_becter, first_bread, minmay_misc_feat_pillars,
          uniq_iyjb, uniq_natasha

Skill      XL: |  1  2  3  4  5 |
---------------+----------------+-----
Spellcasting   | 4 5 6 |  6.0
Conjurations   | 2 3 |  3.2
Fire Magic     | 4 |  4.4
Dodging        | |  2.4
Stealth        | |  2.4

Action                   |  1- 3 |  4- 6 || total
-------------------------+-------+-------++-------
Melee: Dagger            |    20 |    30 ||    50
 Cast: Flame Tongue      |    58 |    77 ||   135
       Throw Flame       |       |     1 ||     1
       Sticky Flame      |       |     1 ||     1
  Use: Scroll            |     3 |     4 ||     7
       Potion            |       |     1 ||     1
 Stab: Sleeping          |     6 |       ||     6
  Eat: Chunk             |     1 |     8 ||     9
Armor: Robe              |    10 |    12 ||    22
Dodge: Dodged            |    32 |    60 ||    92
